 Dungeon Crawl Stone Soup version 0.23.0 (console) character file.

Game seed: 3326596314739275013

78 asdu the Digger (level 4, 19/24 HPs)
             Began as a Gargoyle Earth Elementalist on Feb 8, 2019.
             Quit the game on level 1 of the Dungeon.
             The game lasted 00:06:10 (1761 turns).

asdu the Digger (Gargoyle Earth Elementalist)       Turns: 1761, Time: 00:06:11

Health: 19/24      AC:  5    Str: 15    XL:     4   Next: 36%
Magic:  2/8        EV: 12    Int: 16    God:
Gold:   63         SH:  0    Dex: 10    Spells: 5/9 levels left

rFire    . . .     SeeInvis +   w - +0 spear
rCold    . . .     Gourm    .   (no shield)
rNeg     + . .     Faith    .   c - +0 robe
rPois    ∞         Spirit   .   (no helmet)
rElec    +         Reflect  .   (no cloak)
rCorr    .         Harm     .   (no gloves)
MR       .....                  (no boots)
Stlth    ++........             (no amulet)
HPRegen  0.08/turn              g - ring of see invisible
MPRegen  0.11/turn              j - +3 ring of strength

@: no status effects
A: negative energy resistance 1, electricity resistance, unbreathing,
petrification resistance, rot immunity, AC +3
a: no special abilities


You were on level 1 of the Dungeon.
You were not hungry.

You visited 1 branch of the dungeon, and saw 2 of its levels.

You collected 63 gold pieces.

Inventory:

Hand Weapons
 w - a +0 spear (weapon)
Missiles
 b - 35 stones (quivered)
Armour
 c - a +0 robe (worn)
Jewellery
 g - a ring of see invisible (left hand)
 j - a +3 ring of strength (right hand)
Scrolls
 e - 2 scrolls of identify {unknown}
 l - a scroll of magic mapping {unknown}
 m - a scroll of enchant armour {unknown}
 n - a scroll of teleportation {unknown}
Potions
 a - a potion of heal wounds {unknown}
 h - a potion of cancellation {unknown}
 i - 2 potions of agility {unknown}
 k - a potion of berserk rage {unknown}
Comestibles
 d - 6 rations
 f - 3 chunks of flesh


   Skills:
 - Level 1.5 Dodging
 - Level 2.1 Stealth
 - Level 3.0 Spellcasting
 + Level 1.4 Conjurations
   Level 0.7 Transmutations
 + Level 4.9 Earth Magic


You had 5 spell levels left.
You knew the following spells:

 Your Spells              Type           Power        Failure   Level  Hunger
c - Stone Arrow           Conj/Erth      ##....       16%         3    ###....
x - Sandblast             Erth           ###...       2%          1    #......

Your spell library contained the following spells:

 Spells                   Type           Power        Failure   Level  Hunger
 Passwall                 Tmut/Erth      ##......     9%          2    ##.....
 Petrify                  Tmut/Erth      ##......     52%         4    #####..
 Lee's Rapid Deconstruct  Erth           ###.......   56%         5    ######.


Dungeon Overview and Level Annotations

Branches:
Dungeon (2/15)

Altars:

Annotations:
D:2 Terence


Innate Abilities, Weirdness & Mutations

You are resistant to torment.
Your stone body is resilient. (AC +3)
You are immune to poison.
You resist negative energy. (rN+)
You are resistant to electric shocks. (rElec)
You can survive without breathing.
You are immune to petrification.
You are immune to rotting.


Message History

Casting: Sandblast (safe; 2% risk of failure)
Confirm with . or Enter, or press ? or * to list all spells.
Aiming: Sandblast (safe; 2% risk of failure)
Press: ? - help, Shift-Dir - straight line, f/p - Terence
Aim: Terence, wielding a +3 short sword of speed and wearing a +0 scale mail (almost dead)
The blast of sand hits Terence.
Terence is almost dead.
b - 35 stones Terence drinks a potion.
Terence is healed!
Terence looks scornfully at you.
Terence drinks a potion.
Terence is healed!
You see here a +0 club.
You see here a +0 spear.
There is a stone staircase leading up here.
Press: ? - help, v - describe, . - travel
Here: Terence, wielding a +3 short sword of speed and wearing a +0 scale mail (lightly wounded)
The floor.
You climb upwards.
There is a stone staircase leading down here.
Are you sure you want to abandon this character and quit the game? (Confirm with "yes".)

#####..#####.....######## #.# ##
#####..# #............####.###.
#......# #...########..........
#.###.## ##.#.(.#######.###.###.
#..#...####.###).........# #.# #.
#............#.#.######..###.###.
#..#...#####...#.# #.(........
......## #.#.#.# #..###.###.
#..#### #.#.#@# #..# #.# #. #..#
#.#.#.# #..###.###. #..###
#.#.#.######.......... #....#
#.#.#........###..###. #.##.#
##.#.########## #.## #. #.##.#
#..#.# #.# #. #.##.# ##.##.#
##.## #. #.##.## ##...#.#
##...###) #.#.#.###......#
##.#.#.##.


There were no monsters in sight!

Vanquished Creatures
  4 gnolls (D:2)
  2 worms (D:2)
  2 dart slugs (D:1)
  2 leopard geckos (D:2)
  A giant cockroach (D:2)
  2 goblins (D:1)
  4 hobgoblins
  2 jackals (D:2)
  5 kobolds
  A bat (D:2)
  2 frilled lizards
  2 rats (D:1)
29 creatures vanquished.

Notes
Turn   | Place    | Note
-------+----------+-------------------------------------------
     0 | D:1      | asdu the Gargoyle Earth Elementalist began the quest for
                  | the Orb.
     0 | D:1      | Reached XP level 1. HP: 10/10 MP: 3/3
   313 | D:1      | Reached XP level 2. HP: 15/15 MP: 5/5
   340 | D:1      | Reached skill level 4 in Earth Magic
  1201 | D:2      | Reached XP level 3. HP: 17/19 MP: 3/6
  1223 | D:2      | Learned a level 3 spell: Stone Arrow
  1426 | D:2      | Reached skill level 1 in Conjurations
  1426 | D:2      | Reached XP level 4. HP: 24/24 MP: 1/8
  1686 | D:2      | Noticed Terence
  1761 | D:1      | Quit the game

Skill      XL: |  1  2  3 |
---------------+----------+-----
Earth Magic    | 4 |  4.9
Spellcasting   | 3 |  3.0
Conjurations   | 1 |  1.4
Dodging        | |  1.5
Stealth        | |  2.1
Transmutations | |  0.7

Action                   |  1- 3 |  4- 6 || total
-------------------------+-------+-------++-------
Melee: Club              |     8 |       ||     8
       Dagger            |    13 |       ||    13
       Unarmed           |     1 |       ||     1
       Spear             |    67 |     4 ||    71
       Short sword       |     5 |       ||     5
 Cast: Sandblast         |    11 |     7 ||    18
       Stone Arrow       |     3 |     5 ||     8
 Stab: Sleeping          |     2 |       ||     2
       Distracted        |     1 |       ||     1
  Eat: Chunk             |     2 |     2 ||     4
Armor: Robe              |    29 |       ||    29
Dodge: Dodged            |    68 |     3 ||    71
